 Dungeon Crawl Stone Soup version 0.29.1-13-g9f3cf754e1 (webtiles) character file.

Game seed: 17521506191941003696

212 Thatpatchoflichen the Trooper (level 5, 0/57 HPs)
             Began as an Ogre Fighter on Jan 31, 2023.
             Slain by an orc priest
             ... wielding a +1 trident of protection
              (7 damage)
             ... on level 3 of the Dungeon.
             The game lasted 00:10:33 (4225 turns).

Thatpatchoflichen the Trooper (Ogre Fighter)        Turns: 4225, Time: 00:10:34

Health: 0/57       AC:  7    Str: 26    XL:     5   Next: 90%
Magic:  5/5        EV:  9    Int:  9    God:
Gold:   118        SH:  8    Dex: 10    Spells: 4/4 levels left

rFire   . . .      SeeInvis .   a - +0 long sword
rCold   . . .      Faith    .   c - +0 kite shield
rNeg    . . .      Spirit   .   b - +0 robe
rPois   .          Reflect  .   (helmet restricted)
rElec   .          Harm     .   (no cloak)
rCorr   .          Rampage  .   (gloves unavailable)
Will    .....                   (boots unavailable)
Stlth   +.........              (no amulet)
HPRegen 0.19/turn               k - +4 ring of protection
MPRegen 0.09/turn               p - +6 ring of strength

@: no status effects
A: large, unfitting armour, tough skin 1
a: no special abilities


You were on level 3 of the Dungeon.
You visited 1 branch of the dungeon, and saw 4 of its levels.

You collected 118 gold pieces.

Inventory:

Hand Weapons
 a - a +0 long sword (weapon)
 l - a +0 falchion
Missiles
 r - 10 javelins (quivered)
Armour
 b - a +0 robe (worn)
 c - a +0 kite shield (worn)
Jewellery
 e - a +6 ring of intelligence
 i - a ring of magical power
 k - a +4 ring of protection (left hand)
 p - a +6 ring of strength (right hand)
Wands
 s - a wand of iceblast (6)
Scrolls
 f - 3 scrolls of identify {unknown}
 n - a scroll of enchant weapon {unknown}
 o - a scroll of immolation {unknown}
 q - a scroll of noise {unknown}
 t - a scroll of poison {unknown}
 u - a scroll of magic mapping {unknown}
Potions
 g - a potion of curing {unknown}
 h - a potion of magic {unknown}
 j - 3 potions of brilliance {unknown}
 m - 3 potions of haste
 v - a potion of attraction {unknown}


   Skills:
 + Level 5.5 Fighting
 + Level 3.0 Long Blades
 + Level 3.6 Dodging
 + Level 4.0 Shields


You had 4 spell levels left.
You didn't know any spells.
Your spell library was empty.

Dungeon Overview and Level Annotations

Branches:
Dungeon (4/15)
 Temple: D:4-7

Altars:


Innate Abilities, Weirdness & Mutations

You are too large for most types of armour.
You have tough skin. (AC +1)


Message History

The orc priest hits you with a +1 trident of protection.
You hit the orc priest.
The orc priest is severely wounded.
You block the orc priest's attack.
You closely miss the orc priest.
The orc priest is severely wounded.
The orc priest hits you with a +1 trident of protection!
The orc priest barely misses you.
You barely miss the orc priest.
The orc priest is severely wounded.
The orc priest hits you with a +1 trident of protection.
You closely miss the orc priest.
The orc priest is severely wounded.
The orc priest miscasts a cantrip.
You closely miss the orc priest.
The orc priest is severely wounded.
The orc priest barely misses you.
The orc priest hits you with a +1 trident of protection.
You hit the orc priest but do no damage.
The orc priest is severely wounded.
The orc priest mumbles some strange prayers to Beogh against you.
Beogh smites you!
* * * LOW HITPOINT WARNING * * *
You barely miss the orc priest.
The orc priest is severely wounded.
You block the orc priest's attack. x2
You hit the orc priest.
The orc priest is severely wounded.
You block the orc priest's attack.
You drop a potion of might.
The orc priest hits you with a +1 trident of protection.
* * * LOW HITPOINT WARNING * * *
You closely miss the orc priest.
The orc priest is severely wounded.
The orc priest hits you with a +1 trident of protection.
* * * LOW HITPOINT WARNING * * *
You closely miss the orc priest.
The orc priest is severely wounded.
The orc priest hits you with a +1 trident of protection!
You die... ........###.. ............. #.....# .[......#.... #.....# ........#......[....# .............##..... ........#.##.##...^ ..........##.# .bo

.#####..####.###o#
.......## #..##@#
..###### #....#
.## ###..# .#
#....# .#
####.#..# .#
##......## .#
#..#.#### .####
#.##.# ....#
#....#


You could see an orc priest, an orc and a bat.

Vanquished Creatures
  A water moccasin (D:4)
  3 gnolls
  An adder (D:2)
  A worm (D:3)
  A dart slug (D:1)
  5 orcs
  10 ball pythons
  5 bats
  6 endoplasms
  3 giant cockroaches
  6 goblins
  3 hobgoblins
  4 jackals (D:2)
  3 quokkas (D:1)
  6 kobolds
  3 rats
61 creatures vanquished.

Notes
Turn   | Place    | Note
-------+----------+-------------------------------------------
     0 | D:1      | Thatpatchoflichen the Ogre Fighter began the quest for the
                  | Orb.
     0 | D:1      | Reached XP level 1. HP: 24/24 MP: 1/1
   293 | D:1      | Reached XP level 2. HP: 30/32 MP: 2/2
   389 | D:1      | Found a faded altar of an unknown god.
  1037 | D:1      | Reached XP level 3. HP: 33/40 MP: 3/3
  2797 | D:2      | Reached XP level 4. HP: 47/49 MP: 4/4
  3888 | D:4      | Noticed a water moccasin
  3894 | D:4      | Killed a water moccasin
  3895 | D:4      | Reached skill level 5 in Fighting
  3895 | D:4      | Reached XP level 5. HP: 55/57 MP: 5/5
  4225 | D:3      | Slain by an orc priest

Illustrated notes

Levels and vault maps discovered:
D:1:      scummos_arrival_simple_crosswalls, layout_basic,
          basic_ecumenical_altar
D:2:      layout_basic, serial_co_window_serial, co_window_paths_a,
          co_window_corner_a, co_window_paths_b, co_window_paths_a,
          co_window_corner_a, co_window_corner_b, co_window_corner_b,
          co_window_broadway_c, co_window_sun, glass_columns_c
D:3:      layout_rooms
D:4:      layout_basic, tgw_xom, serial_shops, shop, grunt_ministairs_6

Skill      XL: |  1  2  3  4  5 |
---------------+----------------+-----
Long Blades    | 2 3 |  3.0
Dodging        | 3 |  3.6
Fighting       | 5 |  5.5
Shields        | 4 |  4.0

Action                   |  1- 3 |  4- 6 || total
-------------------------+-------+-------++-------
Melee: Long sword        |   154 |    78 ||   232
  Use: Potion            |     1 |       ||     1
Armor: Robe              |    55 |    31 ||    86
Dodge: Dodged            |    84 |    36 ||   120
Block: Kite shield       |    82 |    42 ||   124
